 Dungeon Crawl Stone Soup version 0.28-a0-1406-ga8dd43b1d0 (webtiles) character file.

Game seed: 7225085214495348370

46 Ijustatesigmund the Chopper (level 3, -1/34 HPs)
             Began as a Hill Orc Fighter on Jan 6, 2022.
             Succumbed to Robin's poison
             ... on level 2 of the Dungeon.
             The game lasted 00:01:44 (1046 turns).

Ijustatesigmund the Chopper (Hill Orc Fighter)      Turns: 1046, Time: 00:01:45

Health: -1/34      AC:  9    Str: 20    XL:     3   Next: 68%
Magic:  3/3        EV:  9    Int:  8    God:
Gold:   52         SH:  4    Dex: 10    Spells: 2/2 levels left

rFire   + . .      SeeInvis .   a - +0 war axe
rCold   + . .      Faith    .   c - +0 buckler
rNeg    . . .      Spirit   .   b - +0 scale mail
rPois   +          Reflect  .   e - +1 helmet
rElec   +          Harm     .   (no cloak)
rCorr   +          Rampage  .   (no gloves)
Will    .....                   (no boots)
Stlth   ..........              (no amulet)
HPRegen 0.11/turn               (no ring)
MPRegen 0.08/turn               (no ring)

@: mighty, brilliant, lethally poisoned (-1 -> -8), resistant
A: no striking features
a: no special abilities


You were on level 2 of the Dungeon.
You visited 1 branch of the dungeon, and saw 2 of its levels.

You collected 52 gold pieces.

Inventory:

Hand Weapons
 a - a +0 war axe (weapon)
Armour
 b - a +0 scale mail (worn)
 c - a +0 buckler (worn)
 e - a +1 helmet (worn)
Scrolls
 f - a scroll of enchant weapon {unknown}
 g - 2 scrolls of teleportation {unknown}
 i - 3 scrolls of identify {unknown}
 k - a scroll of blinking {unknown}


   Skills:
 + Level 4.3 Fighting
 * Level 4.5 Axes
 - Level 3.2 Armour
 - Level 3.2 Shields


You had 2 spell levels left.
You didn't know any spells.
Your spell library was empty.

Dungeon Overview and Level Annotations

Branches:
Dungeon (2/15)

Altars:
Wu Jian

Annotations:
D:2 Robin


Message History

It was a potion of brilliance.
You feel clever all of a sudden.
You feel sick. Robin barely misses you.
You barely miss Robin.
You feel sick. Robin misses you.
You slash Robin!
Robin is severely wounded.
You feel sick. Robin hits you but does no damage.
You are more poisoned.
Robin hits you but does no damage.
You hit Robin.
Robin is severely wounded.
You feel very sick. Robin hits you but does no damage.
You closely miss Robin.
Robin is severely wounded.
You feel sick.
Robin drinks a potion.
Robin is healed!
You hit Robin.
Robin is lightly wounded.
You feel sick.
The hobgoblin no longer looks unusually strong.
Robin hits you but does no damage.
You are lethally poisoned!
You hit Robin.
Robin is moderately wounded.
* * * LOW HITPOINT WARNING * * *
You feel very sick.
Robin roars a battlecry!
The hobgoblin goes into a battle-frenzy!
Robin says, "Bow before me, strongest of all the hobgoblins!"
Robin barely misses you.
It was a potion of resistance.
You feel protected.
* * * LOW HITPOINT WARNING * * *
You feel sick. Robin hits you but does no damage.
You feel very mighty all of a sudden.
* * * LOW HITPOINT WARNING * * *
You feel sick. Robin hits you but does no damage.
You hit Robin.
Robin is heavily wounded.
You die...

+..............................>.
######....#...##.......####.#####
# #....#....#.......# #.# #
#....#.......#'#..####.#
#....#.#..#.##.#.....#.#
#....#.#..#.##.##.##.#.#####
.###.#.#..#)##.##.##.#...... ..
#.#.#..#.##.##.##.####### .
.#.##.#@#........# #....
#g#.....#### #.### .g#.....# #.#
...#.....# #.# #...#..##.# #.#
#...#..##.######.#
#.#.#..........#.#
#.#.#..........#.#
#...........)#.###


You could see Robin and a hobgoblin (strong).

Vanquished Creatures
  3 dart slugs (D:1)
  A ball python (D:2)
  2 bats (D:1)
  3 giant cockroaches
  12 goblins
  7 hobgoblins
  A frilled lizard (D:1)
  4 rats (D:1)
33 creatures vanquished.

Notes
Turn   | Place    | Note
-------+----------+-------------------------------------------
     0 | D:1      | Ijustatesigmund the Hill Orc Fighter began the quest for
                  | the Orb.
     0 | D:1      | Reached XP level 1. HP: 19/19 MP: 1/1
   271 | D:1      | Reached XP level 2. HP: 25/27 MP: 2/2
   581 | D:1      | Found a faded altar of an unknown god.
   642 | D:1      | Reached XP level 3. HP: 33/33 MP: 3/3
   772 | D:2      | Found an ornate altar of the Wu Jian Council.
  1010 | D:2      | Noticed Robin
  1045 | D:2      | HP: 1/34 [poisoned by Robin]
  1046 | D:2      | Succumbed to Robin's poison

Illustrated notes

Levels and vault maps discovered:
D:1:      minmay_arrival_up_and_down, layout_rooms,
          shapermc_ecumenical_altar_mp_vishouse, serial_curves, eino_curves_02,
          eino_curves_02
D:2:      layout_basic, basic_altar, grunt_ministairs_6, uniq_robin

Skill      XL: |  1  2 |
---------------+-------+-----
Axes           | 3 4 |  4.5
Fighting       | 4 |  4.3
Armour         | |  3.2
Shields        | |  3.2

Action                   || total
-------------------------++-------
Melee: War axe           ||   103
  Use: Potion            ||     3
Armor: Scale mail        ||    58
Dodge: Dodged            ||    60
Block: Buckler           ||    28

Table legend: (Time is in decaauts)
 A = Elapsed time spent in this place.
 B = Non-inter-level travel time spent in this place.
 C = Inter-level travel time spent in this place.
 D = Time resting spent in this place.
 E = Time spent auto-exploring this place.
 F = Levels seen in this place.
 G = Mean time per level.
                   A        B        C        D        E       F      G
               +--------+--------+--------+--------+--------+-----+--------+
         Total |   1081 |   1056 |     25 |      0 |    816 |   2 |  540.5 |
       Dungeon |   1081 |   1056 |     25 |      0 |    816 |   2 |  540.5 |
               +--------+--------+--------+--------+--------+-----+--------+

Top non-repeatable levels by time:
     D:1: 716 daAuts
     D:2: 365 daAuts
